 Dungeon Crawl Stone Soup version 0.26-b1-59-ge38874ec40 (webtiles) character file.

Game seed: 5139300228324099482

123 raceaflais the Chopper (level 4, 0/40 HPs)
             Began as a Draconian Berserker on Jan 8, 2021.
             Was a Believer of Trog.
             Succumbed to a worker ant's poison
             ... on level 3 of the Dungeon.
             The game lasted 00:05:57 (2917 turns).

raceaflais the Chopper (Draconian Berserker)        Turns: 2917, Time: 00:05:58

Health: 0/40       AC:  5    Str: 25    XL:     4   Next: 80%
Magic:  4/4        EV: 12    Int:  7    God:    Trog [**....]
Gold:   102        SH:  3    Dex: 12    Spells: 3/3 levels left

rFire    . . .     SeeInvis .   d - +2 falchion (holy)
rCold    . . .     Faith    .   g - +0 buckler
rNeg     . . .     Spirit   .   (armour unavailable)
rPois    .         Reflect  .   (helmet restricted)
rElec    .         Harm     .   (no cloak)
rCorr    .         Rampage  .   (no gloves)
Will     .....                  (no boots)
Stlth    +.........             (no amulet)
HPRegen  0.13/turn              b - +6 ring of strength
MPRegen  0.09/turn              (no ring)

@: lethally poisoned (0 -> -1)
A: unfitting armour, cold-blooded, AC +5
a: Renounce Religion, Berserk, Trog's Hand


You were on level 3 of the Dungeon.
You worshipped Trog.
Trog was pleased with you.
You visited 1 branch of the dungeon, and saw 3 of its levels.

You collected 102 gold pieces.

Inventory:

Hand Weapons
 a - a +0 hand axe
 d - a +2 falchion of holy wrath (weapon)
Armour
 g - a +0 buckler (worn)
Jewellery
 b - a +6 ring of strength (left hand)
Wands
 k - a wand of disintegration (18)
Scrolls
 e - a scroll of teleportation
 f - 3 scrolls of identify
 h - a scroll of random uselessness {unknown}
 i - a scroll of enchant weapon {unknown}
Potions
 c - a potion of flight
 j - a potion of invisibility


   Skills:
 + Level 4.1 Fighting
 + Level 4.2 Axes
 + Level 3.5 Dodging
 + Level 0.3 Stealth
 + Level 0.2 Shields


You had 3 spell levels left.
You didn't know any spells.
Your spell library was empty.

Dungeon Overview and Level Annotations

Branches:
Dungeon (3/15)

Altars:
Fedhas
Makhleb
Qazlal
Uskayaw
Yredelemnul


Innate Abilities, Weirdness & Mutations

Your plain brown scales are hard. (AC +5)
You cannot fit into any form of body armour.
You are cold-blooded and may be slowed by cold attacks.


Message History

The giant cockroach is severely wounded.
* * * LOW HITPOINT WARNING * * *
You feel sick. You block the giant cockroach's attack.
You hit the giant cockroach but do no damage.
The giant cockroach is severely wounded.
You block the giant cockroach's attack. The giant cockroach misses you.
You slash the giant cockroach!
You kill the giant cockroach!
Trog accepts your kill.
There is a lethal amount of poison in your body!
There is a lethal amount of poison in your body!
There is a lethal amount of poison in your body!
There is a lethal amount of poison in your body!
There is a lethal amount of poison in your body!
There is a lethal amount of poison in your body!
* * * LOW HITPOINT WARNING * * *
You feel sick.
There is a lethal amount of poison in your body!
There is a lethal amount of poison in your body!
You die...

#. #.###
#...# ##
###.# .. ..(.
#. ....... #.
###.##.#.#
#.### #.# .#
# #...# #.# #
#.@.# #.#
######.######
#§§§§#†#§§§§#
#§§§§#.#§§§§#
#§§§§#.#§§§§#
#§§§§#_#§§§§#
#§§§§###§§§§#
#§§§§§8§§§§§#
#§§§§§§§§§§§#


You could see a diamond obelisk (tornado).

Vanquished Creatures
  A worker ant (D:3)
  3 adders
  An ooze (D:1)
  4 worms (D:2)
  2 dart slugs
  3 leopard geckos
  8 orcs (D:3)
  A giant cockroach (D:3)
  4 goblins
  A hobgoblin (D:1)
  A quokka (D:2)
  4 bats
  3 frilled lizards
  6 kobolds
  2 rats (D:1)
44 creatures vanquished.

Notes
Turn   | Place    | Note
-------+----------+-------------------------------------------
     0 | D:1      | raceaflais the Draconian Berserker began the quest for the
                  | Orb.
     0 | D:1      | Reached XP level 1. HP: 19/19 MP: 1/1
   174 | D:1      | Reached XP level 2. HP: 11/26 MP: 2/2
  2052 | D:2      | Reached XP level 3. HP: 33/33 MP: 3/3
  2132 | D:2      | Found a basalt altar of Yredelemnul.
  2133 | D:2      | Found a hide-covered altar of Uskayaw.
  2146 | D:2      | Found a blossoming altar of Fedhas.
  2403 | D:2      | Found a burning altar of Makhleb.
  2407 | D:2      | Reached XP level 4. HP: 40/40 MP: 4/4
  2572 | D:3      | Reached ** piety under Trog
  2903 | D:3      | Found a stormy altar of Qazlal.
  2904 | D:3      | HP: 2/40 [poisoned by a worker ant]
  2909 | D:3      | HP: 1/40 [poisoned by a worker ant]
  2917 | D:3      | Succumbed to a worker ant's poison

Illustrated notes

Levels and vault maps discovered:
D:1:      dpeg_arrival_court, layout_loops_ring, chequers_serial_rivers_micro_a,
          nrook_loot_triangle, hex_tiny, minmay_misc_feat_secret_circle,
          due_unseen_surprise
D:2:      lemuel_upstairs_altar, layout_rooms, lemuel_crystal_altar,
          gammafunk_temple_overflow_pools, fedhas_altar_1
D:3:      layout_loops_ring, nicolae_qazlal_eye_of_the_storm

Skill      XL: |  1  2  3  4 |
---------------+-------------+-----
Dodging        | 3 |  3.5
Fighting       | 4 |  4.1
Axes           | 4 |  4.2
Stealth        | |  0.3
Shields        | |  0.2

Action                   |  1- 3 |  4- 6 || total
-------------------------+-------+-------++-------
Melee: Hand axe          |    86 |    32 ||   118
       Tailslap          |    15 |     7 ||    22
       Falchion          |       |    23 ||    23
Invok: Berserk           |       |     1 ||     1
  Use: Potion            |       |     3 ||     3
       Scroll            |       |     2 ||     2
 Stab: Sleeping          |     1 |       ||     1
Armor: Skin              |    21 |    19 ||    40
Dodge: Dodged            |    46 |    47 ||    93
Block: Buckler           |     5 |    19 ||    24
       Rpst.: Falchion   |       |     4 ||     4
